 Dungeon Crawl Stone Soup version 0.29-a0-495-g17b79114eb (webtiles) character file.

Game seed: 8109572299202458898

28 happo123 the Sneak (level 3, 20/20 HPs)
             Began as a Kobold Enchanter on May 27, 2022.
             Quit the game on level 1 of the Dungeon.
             The game lasted 00:06:32 (1245 turns).

happo123 the Sneak (Kobold Enchanter)               Turns: 1245, Time: 00:06:33

Health: 20/20      AC:  2    Str:  5    XL:     3   Next: 30%
Magic:  6/6        EV: 15    Int: 18    God:
Gold:   30         SH:  0    Dex: 15    Spells: 4/6 levels left

rFire   . . .      SeeInvis .   a - +1 dagger
rCold   . . .      Faith    .   (no shield)
rNeg    . . .      Spirit   .   b - +0 robe
rPois   +          Reflect  .   (no helmet)
rElec   .          Harm     .   (no cloak)
rCorr   .          Rampage  .   (no gloves)
Will    .....                   (no boots)
Stlth   ++++......              (no amulet)
HPRegen 0.06/turn               f - ring of poison resistance
MPRegen 0.10/turn               (no ring)

@: no status effects
A: small, no large weapons, nightstalker 3
a: no special abilities


You were on level 1 of the Dungeon.
You visited 1 branch of the dungeon, and saw 1 of its levels.

You collected 30 gold pieces.

Inventory:

Hand Weapons
 a - a +1 dagger (weapon)
Armour
 b - a +0 robe (worn)
Jewellery
 f - a ring of poison resistance (left hand)
Scrolls
 d - a scroll of summoning {unknown}
 e - a scroll of blinking {unknown}
 g - a scroll of identify {unknown}
 h - a scroll of enchant weapon {unknown}
Potions
 c - 2 potions of invisibility
 i - a potion of flight {unknown}


   Skills:
 + Level 0.6 Fighting
 + Level 2.0 Short Blades
 + Level 2.7 Dodging
 + Level 4.2 Stealth
 + Level 2.3 Spellcasting
 * Level 3.4 Hexes


You had 4 spell levels left.
You knew the following spells:

 Your Spells              Type           Power      Damage    Failure   Level
a - Ensorcelled Hibernat  Hex/Ice        16%        N/A       13%         2

Your spell library contained the following spells:

 Spells                   Type           Power      Damage    Failure   Level
 Confusing Touch          Hex            14%        N/A       13%         3
 Tukima's Dance           Hex            14%        N/A       13%         3
 Dazzling Flash           Conj/Hex       16%        N/A       26%         3


Dungeon Overview and Level Annotations

Branches:
Dungeon (1/15)

Altars:


Innate Abilities, Weirdness & Mutations

You are small and have problems with some larger weapons.
You are completely attuned to the shadows.


Message History

You hit the rat.
You kill the rat!
You see here a rat corpse.
A bat comes into view.
The bat closely misses you. The bat closely misses you. The bat misses you.
You hit the bat.
You kill the bat!
Your Short Blades skill increases to level 2!
i - a lumpy cyan potion You see here 19 stones.
A hobgoblin comes into view.
The hobgoblin shouts!
You hit the hobgoblin but do no damage.
The hobgoblin hits you but does no damage.
You completely miss the hobgoblin. The hobgoblin barely misses you.
You hit the hobgoblin but do no damage. The hobgoblin hits you.
You hit the hobgoblin but do no damage. The hobgoblin hits you.
You hit the hobgoblin but do no damage.
The hobgoblin hits you but does no damage.
You completely miss the hobgoblin. The hobgoblin closely misses you.
You closely miss the hobgoblin. You hit the hobgoblin but do no damage.
The hobgoblin barely misses you.
You hit the hobgoblin.
The hobgoblin is moderately wounded.
The hobgoblin closely misses you.
You hit the hobgoblin.
The hobgoblin is almost dead.
The hobgoblin barely misses you.
You hit the hobgoblin.
You kill the hobgoblin!
You see here a +0 ring mail.
Found a plate armour.
You see here a +0 ring mail.
Found a stone staircase leading down.
You see here a rat skeleton.
You see here a +0 short sword of draining.
A kobold comes into view. It is wielding a +0 short sword.
A kobold is nearby!
Are you sure you want to abandon this character and quit the game? (Confirm with "yes".)

#...#.####
#..##.....
#..#######
#####..#
...
.......#
..K
######.#
#.# #.# #
#.# #.# #
#@# #.# #
#.# #.# #
#.#
#.##### #
#.#
#.....# #
#.#
#####.# #
#.# #.#
#.# #.#
#.# #.#
#.# #.#


You could see a kobold (asleep).

Vanquished Creatures
  4 ball pythons (D:1)
  4 endoplasms (D:1)
  A giant cockroach (D:1)
  A goblin (D:1)
  2 hobgoblins (D:1)
  A kobold (D:1)
  A quokka (D:1)
  6 bats (D:1)
  2 frilled lizards (D:1)
  2 rats (D:1)
24 creatures vanquished.

Notes
Turn   | Place    | Note
-------+----------+-------------------------------------------
     0 | D:1      | happo123 the Kobold Enchanter began the quest for the Orb.
     0 | D:1      | Reached XP level 1. HP: 10/10 MP: 3/3
   375 | D:1      | Reached XP level 2. HP: 15/15 MP: 5/5
   378 | D:1      | Learned a level 2 spell: Ensorcelled Hibernation
   410 | D:1      | Found a faded altar of an unknown god.
   684 | D:1      | Reached XP level 3. HP: 20/20 MP: 6/6
  1245 | D:1      | Quit the game

Illustrated notes

Levels and vault maps discovered:
D:1:      saegor_arrival_simple_a, layout_loops_ring,
          shapermc_ecumenical_altar_ellora

Skill      XL: |  1  2  3 |
---------------+----------+-----
Short Blades   | 2 |  2.0
Fighting       | |  0.6
Dodging        | |  2.7
Stealth        | |  4.2
Spellcasting   | |  2.3
Hexes          | |  3.4

Action                   || total
-------------------------++-------
Melee: Dagger            ||    61
 Stab: Sleeping          ||    11
Armor: Robe              ||     8
Dodge: Dodged            ||    40

Table legend: (Time is in decaauts)
 A = Elapsed time spent in this place.
 B = Non-inter-level travel time spent in this place.
 C = Inter-level travel time spent in this place.
 D = Time resting spent in this place.
 E = Time spent auto-exploring this place.
 F = Levels seen in this place.
 G = Mean time per level.
                   A        B        C        D        E       F      G
               +--------+--------+--------+--------+--------+-----+--------+
         Total |   1239 |   1211 |     28 |      0 |   1043 |   1 | 1239.0 |
       Dungeon |   1239 |   1211 |     28 |      0 |   1043 |   1 | 1239.0 |
               +--------+--------+--------+--------+--------+-----+--------+

Top non-repeatable levels by time:
     D:1: 1239 daAuts
